 Dungeon Crawl Stone Soup version 0.23.2-1-ga50397a6bc (webtiles) character file.

Game seed: 15138673712382687022

67 PentaManta the Ducker (level 4, -6/35 HPs)
             Began as a Merfolk Monk on June 2, 2019.
             Killed by divine providence
             ... invoked by an orc priest
              (7 damage)
             ... on level 2 of the Dungeon.
             The game lasted 00:03:29 (1728 turns).

PentaManta the Ducker (Merfolk Monk)                Turns: 1728, Time: 00:03:29

Health: -6/35      AC:  2    Str: 11    XL:     4   Next: 18%
Magic:  4/4        EV: 15    Int:  9    God:
Gold:   39         SH:  0    Dex: 17    Spells: 3/3 levels left

rFire    . . .     SeeInvis .   a - +1 falchion
rCold    . . .     Gourm    .   (no shield)
rNeg     . . .     Faith    .   h - +0 robe (curse)
rPois    .         Spirit   .   (no helmet)
rElec    .         Reflect  .   (no cloak)
rCorr    .         Harm     .   (no gloves)
MR       .....                  (no boots)
Stlth    ++........             (no amulet)
HPRegen  0.11/turn              (no ring)
MPRegen  0.09/turn              (no ring)

@: no status effects
A: change form in water, swift swim, stealthy swim
a: no special abilities


You were on level 2 of the Dungeon.
You were hungry.

You visited 1 branch of the dungeon, and saw 2 of its levels.

You collected 39 gold pieces.

Inventory:

Hand Weapons
 a - a +1 falchion (weapon)
 o - a +0 dagger
Missiles
 b - 48 stones (quivered)
Armour
 h - a cursed +0 robe (worn)
Jewellery
 e - an uncursed ring of protection from magic {unknown}
Wands
 p - a wand of paralysis (9)
Scrolls
 i - a scroll of enchant weapon
 q - 2 scrolls of remove curse {unknown}
Potions
 f - a potion of resistance {unknown}
 g - a potion of heal wounds {unknown}
 j - a potion of agility {unknown}
 k - 2 potions of mutation {unknown}
 l - a potion of cancellation {unknown}
Comestibles
 c - 2 rations


   Skills:
 - Level 3.2 Fighting
 + Level 4.4 Long Blades
 + Level 5.4 Dodging
 - Level 2.1 Stealth


You had 3 spell levels left.
You didn't know any spells.
Your spell library was empty.

Dungeon Overview and Level Annotations

Branches:
Dungeon (2/15)

Altars:
Ru

Annotations:
D:2 Sigmund


Message History

The orc priest is heavily wounded.
The orc priest hits you.
* * * LOW HITPOINT WARNING * * *
As you read the scroll labeled VUMOLA OD XUKH, it crumbles to dust.
You feel aware of your surroundings.
It was a scroll of magic mapping.
The orc priest hits you with a +1 mace of holy wrath!
* * * LOW HITPOINT WARNING * * *
The orc priest closely misses you.
Okay, then.
As you read the scroll labeled JIODDY FOIHEU, it crumbles to dust.
You hear a loud clanging noise!
It was a scroll of noise.
You hear an angry hiss.
You hear a shout! x4
An orc comes into view. It is wielding a -3 war axe.
The orc priest hits you with a +1 mace of holy wrath.
* * * LOW HITPOINT WARNING * * *
The orc misses you.
The orc priest invokes the aid of Beogh against you.
Beogh smites you!
You die...

#* #..÷.# ####........##
.#*####.######..........##
...####..............####
.........)...........#
.....................#
.#######.............#
**#$o,*##.####.....#.##
*#..,,,*#.#.o..†..#.#.##
#o.,,,,,#...##oo@#...#.##
#.8,,,8,#..#*#oo#.....#.#
*,,,,,,,#..# #..#.≈≈≈†#.#
*,,,,,,,#..# ##.#≈...≈#.#
*,,,,,,,*,,* *..#≈._.≈#.#
*,8,,,8,*,,* *..#≈...≈#.#
*,,,,,,,*,,* #..#.≈≈≈.#.#
,,,,,,,,,,,**#..#.....#.#
,,,,,,,,,,,,,,,*.#...#.##


You could see 2 orc priests and 3 orcs.

Vanquished Creatures
  2 adders (D:2)
  2 dart slugs (D:1)
  A leopard gecko (D:2)
  10 bats
  2 giant cockroaches
  6 goblins
  4 hobgoblins
  3 jackals (D:1)
  4 frilled lizards
  6 kobolds
  3 rats (D:1)
43 creatures vanquished.

Notes
Turn   | Place    | Note
-------+----------+-------------------------------------------
     0 | D:1      | PentaManta the Merfolk Monk began the quest for the Orb.
     0 | D:1      | Reached XP level 1. HP: 18/18 MP: 1/1
   184 | D:1      | Reached XP level 2. HP: 24/24 MP: 2/2
   790 | D:1      | Reached XP level 3. HP: 20/29 MP: 3/3
  1136 | D:1      | Reached skill level 5 in Dodging
  1466 | D:2      | Noticed Sigmund
  1647 | D:2      | Found a sacrificial altar of Ru.
  1663 | D:2      | Reached XP level 4. HP: 27/35 MP: 4/4
  1728 | D:2      | HP: 1/35 [orc priest/+1 mace of holy wrath (2)]
  1728 | D:2      | Killed from afar by an orc priest

Skill      XL: |  1  2  3 |
---------------+----------+-----
Long Blades    | 4 |  4.4
Dodging        | 5 |  5.4
Fighting       | |  3.2
Stealth        | |  2.1

Action                   |  1- 3 |  4- 6 || total
-------------------------+-------+-------++-------
Melee: Falchion          |   101 |    11 ||   112
       Tailslap          |     2 |       ||     2
Throw: Stone             |     3 |       ||     3
  Use: Potion            |     1 |       ||     1
       Scroll            |       |     3 ||     3
 Stab: Sleeping          |    10 |       ||    10
  Eat: Chunk             |     2 |       ||     2
Armor: Robe              |    15 |     2 ||    17
Dodge: Dodged            |    89 |    21 ||   110
       Rpst.: Falchion   |    23 |    10 ||    33
